 Dungeon Crawl Stone Soup version 0.31-a0-210-gccc998df9b (webtiles) character file.

Game seed: 14616233069650382111

178 JamisonSwartz13 the Grave Robber (level 5, -7/37 HPs)
             Began as a Demonspawn Necromancer on June 30, 2023.
             Was a Plaything of Xom.
             Mangled by a gnoll
             ... wielding a +0 halberd
              (10 damage)
             ... on level 3 of the Dungeon.
             The game lasted 00:29:28 (4257 turns).

JamisonSwartz13 the Grave Robber (DsNe)             Turns: 4257, Time: 00:29:29

Health: -7/37      AC:  4    Str:  8    XL:     5   Next: 32%
Magic:  0/10       EV: 12    Int: 22    God:    Xom [....*.]
Gold:   122        SH:  0    Dex: 12    Spells: 9/10 levels left

rFire   + . .        r - +4 dagger (venom)
rCold   . . .        (no shield)
rNeg    . . .        a - +2 robe
rPois   .            (helmet restricted)
rElec   .            (no cloak)
rCorr   .            (no gloves)
SInv    +            (no boots)
Will    +....        (no amulet)
Stlth   ++           (no ring)
HPRegen 0.26/turn    (no ring)
MPRegen 0.12/turn

%: no passive effects
@: unable to read
A: antennae 1, powered by pain 2, see invisible, clever 1, fire resistance 1,
strong-willed 1, mutation resistance 1, sense surroundings 1, inability to read
after injury 1
a: Renounce Religion


You were on level 3 of the Dungeon.
You worshipped Xom.
You were a beloved toy of Xom.
You visited 1 branch of the dungeon, and saw 3 of its levels.

You collected 122 gold pieces.

Inventory:

Hand Weapons
 c - a +0 dagger
 d - a +3 whip
 m - a +2 short sword of speed
 r - a +4 dagger of venom (weapon)
Armour
 a - a +2 robe (worn)
 s - a +2 animal skin
Wands
 b - a wand of flame (22)
Scrolls
 g - a scroll of vulnerability
 h - a scroll of identify
 l - a scroll of teleportation
Potions
 e - a potion of heal wounds {unknown}
 f - a potion of invisibility {unknown}
 n - 2 potions of haste {unknown}
 p - a potion of attraction {unknown}
 q - a potion of resistance {unknown}
Miscellaneous
 j - a tin of tremorstones (2/2)
 o - a phantom mirror


   Skills:
 * Level 1.4 Fighting
 + Level 2.1 Dodging
 + Level 1.9 Stealth
 * Level 3.3 Spellcasting
 * Level 5.9 Necromancy


You had 9 spell levels left.
You knew the following spells:

 Your Spells              Type           Power      Damage    Failure   Level
a - Necrotise             Necr           100%       1d9       1%          1

Your spell library contained the following spells:

 Spells                   Type           Power      Damage    Failure   Level
 Vampiric Draining        Necr           29%        2d8       3%          3
 Animate Dead             Necr           29%        N/A       11%         4
 Agony                    Necr           29%        N/A       28%         5
 Stone Arrow              Conj/Erth      6%         3d7       34%         3
 Animate Armour           Summ/Erth      6%         N/A       75%         4
 Lehudib's Crystal Spear  Conj/Erth      1%         10d2      100%        8


Dungeon Overview and Level Annotations

Branches:
Dungeon (3/15)

Altars:
Kikubaaqudgha
Xom


Innate Abilities, Weirdness & Mutations

You have a pair of small antennae on your head.
You sometimes gain power by taking damage.
You have supernaturally acute eyesight. (SInv)
Your mind is acute. (Int +4, Str/Dex -1)
Your flesh is heat resistant. (rF+)
You are strong-willed. (Will+)
You are somewhat resistant to further mutation.
You passively map a small area around you.
You occasionally lose the ability to read scrolls when taking damage.


Message History

Xom makes a sudden noise!
You hear a loud clanging noise!
You are now a beloved toy of Xom.
You hear a shout!
The gnoll hits you from afar with a +0 spear.
You feel threatened and lose the ability to read scrolls!
Casting: Necrotise (safe; 1% risk of failure)
Confirm with . or Enter, or press ? or * to list all spells.
Aiming: Necrotise (safe; 1% risk of failure)
Press: ? - help, Shift-Dir - straight line, f/p - gnoll
Aim: a gnoll, wielding a +0 spear and quivering stones (moderately wounded, chance to affect: 88%)
The gnoll writhes in agony.
The gnoll hits you from afar with a +0 spear.
You can read scrolls again.
The gnoll misses you. The gnoll hits you with a +0 spear.
* * * LOW HITPOINT WARNING * * *
You hit the gnoll.
The gnoll is severely wounded.
The gnoll closely misses you. The gnoll hits you with a +0 spear.
* * * LOW HITPOINT WARNING * * *
You hit the gnoll.
You kill the gnoll!
The gnoll misses you. The gnoll barely misses you.
There is a stone staircase leading up here.
Aiming: Throw Flame
Press: ? - help, Shift-Dir - straight line, f - gnoll
Aim: a gnoll, wielding a +0 halberd (72% to hit)
The puff of flame hits the gnoll.
The gnoll is moderately wounded.
The gnoll hits you from afar with a +0 halberd!
You feel threatened and lose the ability to read scrolls!
* * * LOW HITPOINT WARNING * * *
Casting: Necrotise (safe; 1% risk of failure)
Confirm with . or Enter, or press ? or * to list all spells.
Aiming: Necrotise (safe; 1% risk of failure)
Press: ? - help, Shift-Dir - straight line, f/p - gnoll
Aim: a gnoll, wielding a +0 halberd (moderately wounded, chance to affect: 88%)
The gnoll writhes in agony.
The gnoll hits you from afar with a +0 halberd!
You die...

#.#...8.# , #...
,_,,#g#.._..# #...
8,#Z#.8.8.# ,* #...
,,,##.##...## , #...
###g..##### #.## #.#..## #.#
### #.# #.#.#####.##### ##.##
#.# #..#.)....g...# ##.#.##
#.#
##..#####...@.####.....###.##
#.## ####.........(......)
#.# ##.####...)..##### #.#
#.......#.#.).# #.#
######..##(#.### #.#########
#.....#.... #.........#
###.#######
#########.##########.#
#............#


You could see a gnoll.

Vanquished Creatures
  An orc wizard (D:3)
  Robin (D:3)
  2 gnolls (D:3)
  4 adders
  A dart slug (D:2)
  4 orcs (D:3)
  11 bats
  3 endoplasms
  11 goblins
  10 hobgoblins
  4 jackals (D:1)
  6 kobolds
  7 ball pythons
  2 frilled lizards
  3 rats
70 creatures vanquished.

Vanquished Creatures (collateral kills)
  2 ball pythons (D:2)
  An endoplasm (D:2)
  A hobgoblin (D:3)
  A quokka (D:3)
  A rat (D:2)
6 creatures vanquished.

Grand Total: 76 creatures vanquished

Notes
Turn   | Place    | Note
-------+----------+-------------------------------------------
     0 | D:1      | JamisonSwartz13 the Demonspawn Necromancer began the quest
                  | for the Orb.
     0 | D:1      | Reached XP level 1. HP: 13/13 MP: 3/3
   356 | D:1      | Gained mutation: You sometimes gain a little power by
                  | taking damage. [demonic ancestry]
   356 | D:1      | Reached XP level 2. HP: 19/19 MP: 0/5
   398 | D:1      | Found a faded altar of an unknown god.
   412 | D:1      | Prayed at the altar of an unknown god.
   412 | D:1      | Became a worshipper of Xom of Chaos
   506 | D:1      | XOM: divination: magic mapping
   608 | D:1      | Reached skill level 5 in Necromancy
   889 | D:1      | XOM: silly message
  1166 | D:1      | Gained mutation: You have a pair of small antennae on your
                  | head. [demonic ancestry]
  1166 | D:1      | Reached XP level 3. HP: 19/25 MP: 0/6
  1254 | D:1      | XOM: god gift: tin of tremorstones (2/2)
  1551 | D:2      | Reached skill level 1 in Fighting
  1670 | D:2      | XOM: cloud trail
  1863 | D:2      | XOM: give mutations
  1863 | D:2      | Gained mutation: You passively map a small area around you.
                  | [Xom's grace]
  1863 | D:2      | Gained mutation: You are somewhat resistant to further
                  | mutation. [Xom's grace]
  1863 | D:2      | Gained mutation: You have supernaturally acute eyesight.
                  | (SInv) [Xom's grace]
  1863 | D:2      | Gained mutation: You are strong-willed. (Will+) [Xom's
                  | grace]
  2050 | D:2      | Reached XP level 4. HP: 32/32 MP: 4/7
  2056 | D:2      | XOM: scenery: summon butterflies
  2379 | D:2      | XOM: god gift: phantom mirror
  2779 | D:2      | XOM is BORED!
  2779 | D:2      | XOM: summons 1 hostile shadow creature
  3044 | D:2      | XOM: scenery: create altars
  3349 | D:2      | XOM: give mutation
  3349 | D:2      | Gained mutation: Your mind is acute. (Int +4, Str/Dex -1)
                  | [Xom's grace]
  3385 | D:2      | XOM: give mutation
  3385 | D:2      | Gained mutation: You occasionally lose the ability to read
                  | scrolls when taking damage. [Xom's mischief]
  3686 | D:2      | XOM: 9-stop teleportation journey
  3767 | D:2      | XOM: scenery: summon butterflies
  3911 | D:3      | XOM: cleaving
  3934 | D:3      | XOM: give mutation
  3934 | D:3      | Gained mutation: Your flesh is heat resistant. (rF+) [Xom's
                  | grace]
  3943 | D:3      | Noticed Robin
  3956 | D:3      | Killed Robin
  4108 | D:3      | Gained mutation: You sometimes gain power by taking damage.
                  | [demonic ancestry]
  4108 | D:3      | Reached XP level 5. HP: 37/37 MP: 2/9
  4108 | D:3      | XOM: 5-stop teleportation journey
  4218 | D:3      | Found an ancient bone altar of Kikubaaqudgha.
  4242 | D:3      | XOM: noise
  4257 | D:3      | Mangled by a gnoll

Illustrated notes

Levels and vault maps discovered:
D:1:      dpeg_arrival_rhombus, layout_loops_corners,
          shapermc_ecumenical_altar_acropolis, bh_walls_and_bars
D:2:      layout_basic
D:3:      layout_loops_ring, grunt_temple_overflow_cloverleaf,
          serial_bayou_pond_c, uniq_robin, uniq_crazy_yiuf_cottage

Skill      XL: |  1  2  3  4 |
---------------+-------------+-----
Necromancy     | 5 |  5.9
Fighting       | 1 |  1.4
Spellcasting   | 3 |  3.3
Dodging        | 2 |  2.1
Stealth        | |  1.9

Action                     |  1- 3 |  4- 6 || total
---------------------------+-------+-------++-------
  Melee: Unarmed           |     3 |       ||     3
         Whip              |    40 |     7 ||    47
         Punch             |     1 |       ||     1
         Dagger            |       |     3 ||     3
   Cast: Necrotise         |    63 |    55 ||   118
  Evoke: Wand              |       |     1 ||     1
    Use: Scroll            |     5 |     2 ||     7
         Potion            |       |     1 ||     1
 Armour: Robe              |     7 |    14 ||    21
  Dodge: Dodged            |    31 |    47 ||    78

Table legend: (Time is in decaauts)
 A = Elapsed time spent in this place.
 B = Non-inter-level travel time spent in this place.
 C = Inter-level travel time spent in this place.
 D = Time resting spent in this place.
 E = Time spent auto-exploring this place.
 F = Levels seen in this place.
 G = Mean time per level.
                   A        B        C        D        E       F      G
               +--------+--------+--------+--------+--------+-----+--------+
         Total |   4263 |   3128 |   1135 |    406 |   1349 |   3 | 1421.0 |
       Dungeon |   4263 |   3128 |   1135 |    406 |   1349 |   3 | 1421.0 |
               +--------+--------+--------+--------+--------+-----+--------+

Top non-repeatable levels by time:
     D:2: 2304 daAuts
     D:1: 1512 daAuts
     D:3: 447 daAuts
